[ AOE2 MATCH · #475509129 ]
UnrankedChinese vs Sicilians
Player's team · LOSS
[ REPLAY ANALYSIS · EXTRACTED FROM THE RECORDED GAME ]
Feudal
—
Castle
—
Imperial
—
| APM avg | 39.2 |
| APM peak | 45 |
| eAPM avg | 14.6 |
| Villagers / military | 4 / 0 |
Focus
⚔️ 52.9% · 🌾 47.1%
Feudal
—
Castle
—
Imperial
—
| APM avg | 59.2 |
| APM peak | 69 |
| eAPM avg | 18.0 |
| Villagers / military | 4 / 0 |
Focus
⚔️ 47.1% · 🌾 52.9%
Feudal
—
Castle
—
Imperial
—
| APM avg | 25.9 |
| APM peak | 33 |
| eAPM avg | 15.3 |
| Villagers / military | 4 / 0 |
Focus
⚔️ 31.2% · 🌾 68.8%
Feudal
—
Castle
—
Imperial
—
| APM avg | 101.7 |
| APM peak | 128 |
| eAPM avg | 47.2 |
| Villagers / military | 4 / 0 |
Focus
⚔️ 72.1% · 🌾 27.9%
Feudal
—
Castle
—
Imperial
—
| APM avg | 45.2 |
| APM peak | 44 |
| eAPM avg | 19.3 |
| Villagers / military | 8 / 0 |
Focus
⚔️ 50.0% · 🌾 50.0%
Feudal
—
Castle
—
Imperial
—
| APM avg | 0.7 |
| APM peak | 1 |
| eAPM avg | 0.7 |
| Villagers / military | 0 / 0 |
Feudal
—
Castle
—
Imperial
—
| APM avg | 47.9 |
| APM peak | 49 |
| eAPM avg | 10.6 |
| Villagers / military | 5 / 0 |
Focus
⚔️ 0.0% · 🌾 100.0%
Feudal
—
Castle
—
Imperial
—
| APM avg | 29.9 |
| APM peak | 38 |
| eAPM avg | 16.0 |
| Villagers / military | 5 / 0 |
Focus
⚔️ 33.3% · 🌾 66.7%
Match map
Initial resources + every placement click. Lines = walls · curves = elevation contours. ◆ gold · ⬟ stone · ● berries · ✦ relic · ◌ wall gap
Inputs per minute
— Evan - - JB
Build order — Evan
6 actions detected in the replay
| 0:01 | Research | Loom |
| 0:02 | Research | Loom |
| 0:34 | Queue | Villager (Male) |
| 0:35 | Queue | Villager (Male) |
| 1:01 | Queue | Villager (Male) |
| 1:02 | Queue | Villager (Male) |
Build order — JB
6 actions detected in the replay
| 0:01 | Queue | Villager (Male) |
| 0:02 | Build | House |
| 0:03 | Build | House |
| 0:05 | Queue | Villager (Male) |
| 0:05 | Queue | Villager (Male) |
| 0:05 | Queue | Villager (Male) |
Build order — Valar
8 actions detected in the replay
| 0:01 | Research | Loom |
| 0:02 | Build | House |
| 0:03 | Build | House |
| 0:05 | Build | House |
| 0:09 | Queue | Villager (Male) |
| 0:12 | Queue | Villager (Male) |
| 0:12 | Queue | Villager (Male) |
| 0:12 | Queue | Villager (Male) |
Build order — EndRCM
9 actions detected in the replay
| 0:02 | Queue | Villager (Male) |
| 0:02 | Queue | Villager (Male) |
| 0:02 | Queue | Villager (Male) |
| 0:02 | Queue | Villager (Male) |
| 0:03 | Build | House |
| 0:04 | Build | House |
| 1:02 | Research | Loom |
| 1:02 | Research | Loom |
| 1:14 | Build | Palisade Wall |
Build order — SuperMAARusher
5 actions detected in the replay
| 0:01 | Queue | Villager (Male) ×4 |
| 0:01 | Queue | Villager (Male) ×4 |
| 0:02 | Build | House |
| 0:04 | Build | House |
| 0:52 | Build | Palisade Wall |
Build order — Rookie
0 actions detected in the replay
Build order — MrWrong
8 actions detected in the replay
| 0:00 | Queue | Villager (Male) |
| 0:01 | Queue | Villager (Male) |
| 0:01 | Queue | Villager (Male) |
| 0:02 | Build | House |
| 0:05 | Build | House |
| 0:09 | Build | House |
| 0:15 | Queue | Villager (Male) |
| 1:28 | Queue | Villager (Male) |
Build order — E@GLE
7 actions detected in the replay
| 0:01 | Queue | Villager (Male) |
| 0:01 | Queue | Villager (Male) |
| 0:02 | Queue | Villager (Male) |
| 0:02 | Queue | Villager (Male) |
| 0:03 | Build | House |
| 0:04 | Build | House |
| 1:24 | Queue | Villager (Male) |
Match timeline
| 0:52 | SuperMAARusher · wall_segment Palisade Wall x8 |
| 1:14 | EndRCM · wall_segment Palisade Wall x8 |
| 1:14 | Rookie · resign |
[ AI ANALYSIS · 1 CREDIT ]
What really happened in this match?
Wolo.gg analyzes every decision: build order, eco, micro, common mistakes by bracket. Personalized analysis on WhatsApp or Discord in 30 seconds.
Civ guide
Chinese
Perfil
Jugador #951307